Connexion

Marlies vs Admirals

Created - 21 janvier 2024 at 08:38

Goals
1 2 3 OT1 SO T
Marlies 1 0 2 0 1 4
Admirals 0 1 2 0 0 3
Shots
1 2 3 OT1 SO T
Marlies 12 14 13 3 3 42
Admirals 10 14 16 8 3 48

GoalsPenalties
1st period
1. Marlies , Max McCormick 25 (Loui Eriksson 38, Cal O'Reilly 32) at 9:45 (PP)
Nick Ebert (MIL) for Cross-checking (Minor) at 1:24
Ian McCoshen (TOR) for Tripping (Minor) at 6:26
Niko Mikkola (MIL) for Delaying the game (Minor) at 9:11
Niko Mikkola (MIL) for Holding Stick (Minor) at 19:20
2nd period
2. Admirals , Mike Reilly 9 (Nick Baptiste 3, Mitchell Moroz 3) at 16:28
3rd period
3. Admirals , Kevin Stenlund 31 (CJ Suess 30, Nick Ebert 24) at 1:25
4. Admirals , CJ Suess 29 (Guillaume Brisebois 29, Kevin Stenlund 32) at 4:50
5. Marlies , Dominik Simon 23 (Tim Schaller 29) at 8:50
6. Marlies , Victor Ejdsell 14 (Brad Malone 30, Kristian Vesalainen 18) at 11:20
Niko Mikkola (MIL) for Delaying the game (Minor) at 1:51
Joseph Cramarossa (MIL) for Cross-checking (Minor) at 16:42
Overtime #1
No Goal
Shootout
Marlies, Brad Malone - Goal!
Admirals, Garrett Wilson - Stopped by Erik Kallgren
Marlies, Dominik Simon - Stopped by Michael McNiven
Admirals, Oskar Steen - Stopped by Erik Kallgren
Marlies, Cal O'Reilly - Stopped by Michael McNiven
Admirals, CJ Suess - Stopped by Erik Kallgren
Goalie Stats
Erik Kallgren (TOR), 45 saves from 48 shots - (0,938), W, 19-17-1, 65:00 minutes
Michael McNiven (MIL), 39 saves from 42 shots - (0,929), OTL, 11-6-2, 65:00 minutes
3 StarsOfficial
1 - Kevin Stenlund (MIL)
2 - Mike Reilly (MIL)
3 - Erik Kallgren (TOR)
Referees : Francois StLaurent and Wes McCauley
Linesman : Vaughan Rody and Lyle Seitz
Game Note
No Game Note
Finance
Level 1 -- Attendance: 1869 (93,45%) -- Ticket Income $65,415
Level 2 -- Attendance: 921 (92,10%) -- Ticket Income $13,815
Total Attendance: 2790 (93,00%)
Total Ticket Income: $79,230
Other Income: $15,846
Total Income: $95,076



Team Name Goals Shots Shots Attemp Shots Blocked PIM HIT PP PK FO%
Marlies 44291122221 / 5 (20%)050%
Admirals 348841110290 / 1 (0%)150%

Marlies
Player Name POS G A P +/- PIM HIT SHT SB MP PP MP PP SHT PK MP PK SHT FO% FOT
Brad Malone C/LW0110031127:094:4601:43054% 24
Cal O'ReillyC0110012022:463:4400:16046% 41
Calvin De HaanD0000013026:044:3000:4300% 0
Dominik SimonC/LW/RW101-1004128:454:4601:43050% 4
Dylan BlujusD0000012026:044:3010:4300% 0
Ian McCoshenD0001210222:024:0000:0000% 0
Josh WesleyD000-2030013:160:0000:0000% 0
Kristian VesalainenLW/RW0110006110:330:0000:0000% 0
Loui ErikssonLW/RW0110002022:303:4400:0000% 2
Mathias Brome LW000-101408:560:0000:00050% 2
Max McCormickC/LW1010047023:043:4430:16260% 5
Mitchell HeardC000-101209:380:0000:00067% 15
Skyler McKenzieLW000000101:550:0000:0000% 0
Tim McGauleyC000000003:400:0000:00033% 3
Tim SchallerC/LW/RW0110010118:324:4600:00033% 3
Tyler LewingtonD0001041423:014:0001:1600% 0
Victor EjdsellC1010005010:330:0000:00045% 20
Yegor RykovD000-2012214:320:0001:1600% 0
Admirals
Player Name POS G A P +/- PIM HIT SHT SB MP PP MP PP SHT PK MP PK SHT FO% FOT
Cam DineenD0000010326:371:1504:1200% 0
CJ SuessLW1121003023:531:1503:16133% 3
Dominic TurgeonC000000104:170:0000:53033% 6
Garrett WilsonLW000-1026028:510:4404:45036% 11
Guillaume BriseboisD0110001121:120:4404:0300% 0
John QuennevilleC000000000:000:0000:0000% 0
Joseph CramarossaC/LW0001272011:460:0000:00038% 21
Kevin StenlundC11210312024:101:1502:52057% 35
Kristians RubinsD0000030120:490:4403:4000% 0
Mike ReillyD1011043412:340:0000:3800% 0
Mitchell MorozLW0111010011:470:0000:0000% 1
Nick BaptisteRW0111005011:200:0000:0000% 1
Nick EbertD0111201016:590:0002:4400% 0
Niko MikkolaD0000644126:451:1501:4300% 0
Oskar SteenC000-1014025:150:4415:14063% 38
Paul ThompsonRW000-1023018:050:4400:0000% 0
Vincent PraplanC/RW000000003:240:0000:0000% 0
William BittenRW0001013118:411:1500:00033% 3



Play-by-Play

1st period


0:01 of 1st period - Oskar Steen wins face-off versus Brad Malone in neutral zone.
0:14 of 1st period - Icing by Garrett Wilson.
0:15 of 1st period - Cal O'Reilly wins face-off versus Oskar Steen in Admirals zone.
0:15 of 1st period - Cal O'Reilly is hit by Cam Dineen.
0:37 of 1st period - Ian McCoshen is hit by Garrett Wilson.
0:38 of 1st period - Icing by Ian McCoshen.
0:39 of 1st period - Cal O'Reilly wins face-off versus Kevin Stenlund in Marlies zone.
1:08 of 1st period - Shot by William Bitten.
1:08 of 1st period - Stopped by Erik Kallgren without a rebound.
1:09 of 1st period - Victor Ejdsell wins face-off versus Nick Baptiste in Marlies zone.
1:09 of 1st period - Victor Ejdsell is hit by Mitchell Moroz.
1:18 of 1st period - Victor Ejdsell is hit by Mike Reilly and loses puck.
1:24 of 1st period - Minor Penalty to Nick Ebert for Cross-checking.
1:25 of 1st period - Dominik Simon wins face-off versus Garrett Wilson in Admirals zone.
1:32 of 1st period - Shot by Dylan Blujus.
1:32 of 1st period - Shot Misses the Net.
1:34 of 1st period - Shot by Tim Schaller.
1:34 of 1st period - Shot Misses the Net.
1:53 of 1st period - Icing by Dominik Simon.
1:54 of 1st period - Brad Malone wins face-off versus CJ Suess in Marlies zone.
1:54 of 1st period - Brad Malone is hit by Kristians Rubins.
2:02 of 1st period - CJ Suess is hit by Tim Schaller and loses puck.
2:41 of 1st period - Icing by Loui Eriksson.
2:42 of 1st period - Cal O'Reilly wins face-off versus Garrett Wilson in Marlies zone.
3:39 of 1st period - Shot by Mathias Brome .
3:39 of 1st period - Shot Misses the Net.
3:45 of 1st period - Shot by Mathias Brome .
3:45 of 1st period - Stopped by Michael McNiven without a rebound.
3:46 of 1st period - Victor Ejdsell wins face-off versus Kevin Stenlund in Admirals zone.
3:46 of 1st period - Kristian Vesalainen is hit by Niko Mikkola and loses puck.
3:57 of 1st period - Shot by Victor Ejdsell.
3:57 of 1st period - Shot Misses the Net.
3:59 of 1st period - Shot by Dylan Blujus.
3:59 of 1st period - Shot Blocked by William Bitten.
4:01 of 1st period - Shot by Victor Ejdsell.
4:01 of 1st period - Shot Hit the Post.
4:03 of 1st period - Shot by Dylan Blujus.
4:03 of 1st period - Stopped by Michael McNiven without a rebound.
4:04 of 1st period - Brad Malone wins face-off versus Oskar Steen in Admirals zone.
4:17 of 1st period - Shot by Garrett Wilson.
4:17 of 1st period - Shot Blocked by Yegor Rykov.
4:19 of 1st period - Shot by Oskar Steen.
4:19 of 1st period - Stopped by Erik Kallgren with a rebound.
4:37 of 1st period - Paul Thompson is hit by Yegor Rykov and loses puck.
4:43 of 1st period - Icing by Josh Wesley.
4:44 of 1st period - Brad Malone wins face-off versus CJ Suess in Marlies zone.
4:54 of 1st period - Shot by Cam Dineen.
4:54 of 1st period - Shot Misses the Net.
5:26 of 1st period - Shot by Loui Eriksson.
5:26 of 1st period - Deflect By Cal O'Reilly.
5:26 of 1st period - Shot Misses the Net.
5:29 of 1st period - Icing by Kevin Stenlund.
5:30 of 1st period - Kevin Stenlund wins face-off versus Cal O'Reilly in Admirals zone.
5:47 of 1st period - Shot by Mike Reilly.
5:47 of 1st period - Stopped by Erik Kallgren without a rebound.
5:48 of 1st period - Cal O'Reilly wins face-off versus Garrett Wilson in Marlies zone.
5:48 of 1st period - Cal O'Reilly is hit by Oskar Steen.
5:53 of 1st period - Icing by Loui Eriksson.
5:54 of 1st period - Oskar Steen wins face-off versus Cal O'Reilly in Marlies zone.
6:06 of 1st period - Oskar Steen is hit by Tyler Lewington and loses puck.
6:26 of 1st period - Minor Penalty to Ian McCoshen for Tripping.
6:27 of 1st period - Brad Malone wins face-off versus William Bitten in Marlies zone.
6:44 of 1st period - Kevin Stenlund is hit by Brad Malone and loses puck.
7:17 of 1st period - Shot by Max McCormick.
7:17 of 1st period - Stopped by Michael McNiven with a rebound.
7:19 of 1st period - Shot by Cal O'Reilly.
7:19 of 1st period - Shot Misses the Net.
7:21 of 1st period - Shot by Max McCormick.
7:21 of 1st period - Stopped by Michael McNiven without a rebound.
7:22 of 1st period - Oskar Steen wins face-off versus Brad Malone in Admirals zone.
7:47 of 1st period - Shot by Paul Thompson.
7:47 of 1st period - Shot Misses the Net.
7:49 of 1st period - Shot by Oskar Steen.
7:49 of 1st period - Stopped by Erik Kallgren with a rebound.
7:51 of 1st period - Shot by Garrett Wilson.
7:51 of 1st period - Shot Misses the Net.
8:01 of 1st period - Shot by Paul Thompson.
8:01 of 1st period - Shot Misses the Net.
8:18 of 1st period - Tyler Lewington is hit by William Bitten and loses puck.
8:29 of 1st period - Shot by Calvin De Haan.
8:29 of 1st period - Stopped by Michael McNiven without a rebound.
8:30 of 1st period - Cal O'Reilly wins face-off versus Joseph Cramarossa in Admirals zone.
8:44 of 1st period - Icing by Nick Ebert.
8:45 of 1st period - Cal O'Reilly wins face-off versus Joseph Cramarossa in Admirals zone.
8:49 of 1st period - Icing by Nick Ebert.
8:50 of 1st period - Cal O'Reilly wins face-off versus Joseph Cramarossa in Admirals zone.
9:01 of 1st period - Shot by Mike Reilly.
9:01 of 1st period - Stopped by Erik Kallgren without a rebound.
9:02 of 1st period - Cal O'Reilly wins face-off versus Oskar Steen in Marlies zone.
9:02 of 1st period - Cal O'Reilly is hit by Paul Thompson.
9:11 of 1st period - Minor Penalty to Niko Mikkola for Delaying the game.
9:12 of 1st period - Garrett Wilson wins face-off versus Cal O'Reilly in Admirals zone.
9:45 of 1st period - Shot by Max McCormick.
9:45 of 1st period - Goal by Max McCormick - Marlies : 1 - Admirals : 0.
9:46 of 1st period - Kevin Stenlund wins face-off versus Mitchell Heard in neutral zone.
9:53 of 1st period - Shot by William Bitten.
9:53 of 1st period - Stopped by Erik Kallgren without a rebound.
9:54 of 1st period - Kevin Stenlund wins face-off versus Victor Ejdsell in Marlies zone.
9:57 of 1st period - Shot by CJ Suess.
9:57 of 1st period - Shot Blocked by Tyler Lewington.
10:02 of 1st period - Icing by Ian McCoshen.
10:03 of 1st period - Oskar Steen wins face-off versus Victor Ejdsell in Marlies zone.
10:29 of 1st period - Shot by Victor Ejdsell.
10:29 of 1st period - Shot Misses the Net.
10:31 of 1st period - Shot by Ian McCoshen.
10:31 of 1st period - Shot Hit the Post.
10:33 of 1st period - Shot by Kristian Vesalainen.
10:33 of 1st period - Stopped by Michael McNiven with a rebound.
10:35 of 1st period - Shot by Ian McCoshen.
10:35 of 1st period - Shot Misses the Net.
10:37 of 1st period - Shot by Brad Malone .
10:37 of 1st period - Shot Blocked by Cam Dineen.
10:41 of 1st period - Shot by Victor Ejdsell.
10:41 of 1st period - Stopped by Michael McNiven with a rebound.
10:51 of 1st period - Mathias Brome is hit by Paul Thompson and loses puck.
11:00 of 1st period - Shot by Dominik Simon.
11:00 of 1st period - Shot Blocked by Cam Dineen.
11:43 of 1st period - Off-side.
11:44 of 1st period - Cal O'Reilly wins face-off versus Kevin Stenlund in neutral zone.
11:57 of 1st period - Shot by Max McCormick.
11:57 of 1st period - Shot Misses the Net.
11:59 of 1st period - Shot by Yegor Rykov.
11:59 of 1st period - Stopped by Michael McNiven with a rebound.
12:34 of 1st period - Shot by Victor Ejdsell.
12:34 of 1st period - Stopped by Michael McNiven without a rebound.
12:35 of 1st period - Brad Malone wins face-off versus Joseph Cramarossa in Admirals zone.
12:35 of 1st period - Tim Schaller is hit by Mike Reilly and loses puck.
12:54 of 1st period - Tim Schaller is hit by Joseph Cramarossa.
13:08 of 1st period - Calvin De Haan is hit by Joseph Cramarossa and loses puck.
13:35 of 1st period - Icing by Guillaume Brisebois.
13:36 of 1st period - Dominic Turgeon wins face-off versus Cal O'Reilly in Admirals zone.
13:40 of 1st period - Garrett Wilson is hit by Tyler Lewington and loses puck.
13:52 of 1st period - Guillaume Brisebois is hit by Tyler Lewington and loses puck.
14:10 of 1st period - Icing by Dominic Turgeon.
14:11 of 1st period - Garrett Wilson wins face-off versus Mitchell Heard in Admirals zone.
14:11 of 1st period - Garrett Wilson is hit by Mitchell Heard.
15:05 of 1st period - Icing by Cam Dineen.
15:06 of 1st period - Kevin Stenlund wins face-off versus Victor Ejdsell in Admirals zone.
15:27 of 1st period - Icing by Calvin De Haan.
15:28 of 1st period - Victor Ejdsell wins face-off versus Joseph Cramarossa in Marlies zone.
15:33 of 1st period - Shot by Nick Baptiste.
15:33 of 1st period - Stopped by Erik Kallgren with a rebound.
15:53 of 1st period - Shot by Victor Ejdsell.
15:53 of 1st period - Shot Misses the Net.
15:55 of 1st period - Shot by Victor Ejdsell.
15:55 of 1st period - Shot Misses the Net.
16:04 of 1st period - Icing by Joseph Cramarossa.
16:05 of 1st period - Cal O'Reilly wins face-off versus Joseph Cramarossa in Admirals zone.
16:10 of 1st period - Shot by Cal O'Reilly.
16:10 of 1st period - Shot Blocked by Mike Reilly.
16:28 of 1st period - Shot by Loui Eriksson.
16:28 of 1st period - Shot Blocked by Mike Reilly.
16:30 of 1st period - Shot by Loui Eriksson.
16:30 of 1st period - Shot Misses the Net.
16:32 of 1st period - Shot by Loui Eriksson.
16:32 of 1st period - Shot Misses the Net.
16:57 of 1st period - Mike Reilly is hit by Josh Wesley and loses puck.
17:06 of 1st period - Shot by Dominik Simon.
17:06 of 1st period - Stopped by Michael McNiven without a rebound.
17:07 of 1st period - Victor Ejdsell wins face-off versus Kevin Stenlund in Admirals zone.
17:08 of 1st period - Shot by Kristian Vesalainen.
17:08 of 1st period - Shot Misses the Net.
17:27 of 1st period - Icing by Niko Mikkola.
17:28 of 1st period - Mitchell Heard wins face-off versus Kevin Stenlund in Admirals zone.
17:28 of 1st period - Mitchell Heard is hit by Niko Mikkola.
17:53 of 1st period - Shot by Dominik Simon.
17:53 of 1st period - Shot Misses the Net.
17:55 of 1st period - Shot by Yegor Rykov.
17:55 of 1st period - Stopped by Michael McNiven without a rebound.
17:56 of 1st period - Oskar Steen wins face-off versus Victor Ejdsell in Admirals zone.
18:17 of 1st period - Off-side.
18:18 of 1st period - Cal O'Reilly wins face-off versus Dominic Turgeon in neutral zone.
18:22 of 1st period - Off-side.
18:23 of 1st period - Brad Malone wins face-off versus Kevin Stenlund in neutral zone.
18:39 of 1st period - Shot by CJ Suess.
18:39 of 1st period - Shot Misses the Net.
18:51 of 1st period - Shot by Guillaume Brisebois.
18:51 of 1st period - Stopped by Erik Kallgren without a rebound.
18:52 of 1st period - Oskar Steen wins face-off versus Cal O'Reilly in Marlies zone.
18:53 of 1st period - Shot by Garrett Wilson.
18:53 of 1st period - Stopped by Erik Kallgren with a rebound.
19:15 of 1st period - Shot by Calvin De Haan.
19:15 of 1st period - Shot Misses the Net.
19:20 of 1st period - Minor Penalty to Niko Mikkola for Holding Stick.
19:21 of 1st period - Garrett Wilson wins face-off versus Tim Schaller in Admirals zone.
19:52 of 1st period - Shot by CJ Suess.
19:52 of 1st period - Stopped by Erik Kallgren with a rebound.
Goals for this period are 1 for Marlies vs 0 for Admirals.
Shots for this period are 12 for Marlies vs 10 for Admirals.

2nd period


0:01 of 2nd period - Brad Malone wins face-off versus Garrett Wilson in neutral zone.
0:12 of 2nd period - Shot by Dylan Blujus.
0:12 of 2nd period - Shot Misses the Net.
0:18 of 2nd period - Shot by Tim Schaller.
0:18 of 2nd period - Shot Misses the Net.
0:20 of 2nd period - Shot by Calvin De Haan.
0:20 of 2nd period - Shot Misses the Net.
1:18 of 2nd period - Shot by Tyler Lewington.
1:18 of 2nd period - Shot Misses the Net.
1:32 of 2nd period - Shot by Josh Wesley.
1:32 of 2nd period - Shot Blocked by Mike Reilly.
1:49 of 2nd period - Shot by Nick Baptiste.
1:49 of 2nd period - Stopped by Erik Kallgren without a rebound.
1:50 of 2nd period - Victor Ejdsell wins face-off versus Kevin Stenlund in Marlies zone.
1:57 of 2nd period - Shot by Kristian Vesalainen.
1:57 of 2nd period - Stopped by Michael McNiven with a rebound.
2:02 of 2nd period - CJ Suess is hit by Tyler Lewington.
2:08 of 2nd period - Shot by CJ Suess.
2:08 of 2nd period - Shot Misses the Net.
2:10 of 2nd period - Shot by Kevin Stenlund.
2:10 of 2nd period - Stopped by Erik Kallgren without a rebound.
2:11 of 2nd period - Mitchell Heard wins face-off versus Oskar Steen in Marlies zone.
2:38 of 2nd period - Shot by Mitchell Heard.
2:38 of 2nd period - Stopped by Michael McNiven without a rebound.
2:39 of 2nd period - Cal O'Reilly wins face-off versus Kevin Stenlund in Admirals zone.
2:50 of 2nd period - Shot by Cal O'Reilly.
2:50 of 2nd period - Shot Misses the Net.
2:52 of 2nd period - Shot by Cal O'Reilly.
2:52 of 2nd period - Shot Misses the Net.
2:54 of 2nd period - Shot by Loui Eriksson.
2:54 of 2nd period - Deflect By Max McCormick.
2:54 of 2nd period - Shot Misses the Net.
3:01 of 2nd period - Icing by Mike Reilly.
3:02 of 2nd period - Victor Ejdsell wins face-off versus Kevin Stenlund in Admirals zone.
3:09 of 2nd period - Shot by Kristian Vesalainen.
3:09 of 2nd period - Stopped by Michael McNiven without a rebound.
3:10 of 2nd period - Oskar Steen wins face-off versus Cal O'Reilly in Admirals zone.
3:24 of 2nd period - Shot by Cal O'Reilly.
3:24 of 2nd period - Shot Misses the Net.
3:30 of 2nd period - Shot by Cal O'Reilly.
3:30 of 2nd period - Deflect By Max McCormick.
3:30 of 2nd period - Stopped by Michael McNiven without a rebound.
3:31 of 2nd period - Kevin Stenlund wins face-off versus Brad Malone in Admirals zone.
3:31 of 2nd period - Kevin Stenlund is hit by Brad Malone .
3:37 of 2nd period - Dominik Simon is hit by Kevin Stenlund and loses puck.
3:44 of 2nd period - Shot by CJ Suess.
3:44 of 2nd period - Shot Blocked by Tyler Lewington.
3:46 of 2nd period - Shot by CJ Suess.
3:46 of 2nd period - Shot Blocked by Ian McCoshen.
3:48 of 2nd period - Shot by CJ Suess.
3:48 of 2nd period - Shot Misses the Net.
3:50 of 2nd period - Shot by Guillaume Brisebois.
3:50 of 2nd period - Shot Blocked by Tim Schaller.
3:52 of 2nd period - Shot by CJ Suess.
3:52 of 2nd period - Shot Misses the Net.
4:31 of 2nd period - Loui Eriksson is hit by Kevin Stenlund and loses puck.
4:40 of 2nd period - Shot by Max McCormick.
4:40 of 2nd period - Stopped by Michael McNiven without a rebound.
4:41 of 2nd period - Oskar Steen wins face-off versus Victor Ejdsell in Admirals zone.
5:02 of 2nd period - Icing by Cam Dineen.
5:03 of 2nd period - Oskar Steen wins face-off versus Cal O'Reilly in Admirals zone.
5:26 of 2nd period - Off-side.
5:27 of 2nd period - Mitchell Heard wins face-off versus Joseph Cramarossa in neutral zone.
5:30 of 2nd period - Nick Ebert is hit by Mathias Brome and loses puck.
6:14 of 2nd period - Icing by Tyler Lewington.
6:15 of 2nd period - Mitchell Heard wins face-off versus Oskar Steen in Marlies zone.
6:26 of 2nd period - Shot by Niko Mikkola.
6:26 of 2nd period - Stopped by Erik Kallgren without a rebound.
6:27 of 2nd period - Kevin Stenlund wins face-off versus Victor Ejdsell in Marlies zone.
6:56 of 2nd period - Shot by CJ Suess.
6:56 of 2nd period - Shot Blocked by Kristian Vesalainen.
6:58 of 2nd period - Shot by Kevin Stenlund.
6:58 of 2nd period - Stopped by Erik Kallgren without a rebound.
6:59 of 2nd period - Cal O'Reilly wins face-off versus Oskar Steen in Marlies zone.
7:25 of 2nd period - Icing by Max McCormick.
7:26 of 2nd period - Joseph Cramarossa wins face-off versus Loui Eriksson in Marlies zone.
7:31 of 2nd period - Shot by Joseph Cramarossa.
7:31 of 2nd period - Stopped by Erik Kallgren without a rebound.
7:32 of 2nd period - Kevin Stenlund wins face-off versus Brad Malone in Marlies zone.
7:32 of 2nd period - CJ Suess is hit by Dylan Blujus and loses puck.
7:40 of 2nd period - Shot by Brad Malone .
7:40 of 2nd period - Stopped by Michael McNiven without a rebound.
7:41 of 2nd period - Brad Malone wins face-off versus Oskar Steen in Admirals zone.
7:42 of 2nd period - Shot by Calvin De Haan.
7:42 of 2nd period - Stopped by Michael McNiven without a rebound.
7:43 of 2nd period - Oskar Steen wins face-off versus Dominik Simon in Admirals zone.
7:51 of 2nd period - Off-side.
7:52 of 2nd period - Brad Malone wins face-off versus Garrett Wilson in neutral zone.
8:43 of 2nd period - Shot by Cal O'Reilly.
8:43 of 2nd period - Stopped by Michael McNiven without a rebound.
8:44 of 2nd period - Cal O'Reilly wins face-off versus William Bitten in Admirals zone.
8:44 of 2nd period - Max McCormick is hit by Kristians Rubins and loses puck.
8:51 of 2nd period - Kevin Stenlund is hit by Max McCormick and loses puck.
9:02 of 2nd period - Shot by Kevin Stenlund.
9:02 of 2nd period - Stopped by Erik Kallgren without a rebound.
9:03 of 2nd period - Joseph Cramarossa wins face-off versus Victor Ejdsell in Marlies zone.
9:04 of 2nd period - Shot by Nick Baptiste.
9:04 of 2nd period - Stopped by Erik Kallgren without a rebound.
9:05 of 2nd period - Joseph Cramarossa wins face-off versus Cal O'Reilly in Marlies zone.
9:06 of 2nd period - Shot by Nick Baptiste.
9:06 of 2nd period - Stopped by Erik Kallgren without a rebound.
9:07 of 2nd period - Kevin Stenlund wins face-off versus Brad Malone in Marlies zone.
9:15 of 2nd period - Icing by Dylan Blujus.
9:16 of 2nd period - Oskar Steen wins face-off versus Brad Malone in Marlies zone.
9:22 of 2nd period - Icing by Dylan Blujus.
9:23 of 2nd period - Oskar Steen wins face-off versus Dominik Simon in Marlies zone.
9:23 of 2nd period - Garrett Wilson is hit by Calvin De Haan and loses puck.
9:28 of 2nd period - Shot by Paul Thompson.
9:28 of 2nd period - Stopped by Erik Kallgren without a rebound.
9:29 of 2nd period - Oskar Steen wins face-off versus Brad Malone in Marlies zone.
10:30 of 2nd period - Max McCormick is hit by Kevin Stenlund and loses puck.
10:39 of 2nd period - Shot by CJ Suess.
10:39 of 2nd period - Shot Misses the Net.
10:51 of 2nd period - Shot by William Bitten.
10:51 of 2nd period - Stopped by Erik Kallgren with a rebound.
10:53 of 2nd period - Shot by Kevin Stenlund.
10:53 of 2nd period - Stopped by Erik Kallgren with a rebound.
11:19 of 2nd period - Brad Malone is hit by Mike Reilly and loses puck.
11:24 of 2nd period - Shot by Kristian Vesalainen.
11:24 of 2nd period - Shot Blocked by Mike Reilly.
11:26 of 2nd period - Shot by Victor Ejdsell.
11:26 of 2nd period - Deflect By Kristian Vesalainen.
11:26 of 2nd period - Stopped by Michael McNiven without a rebound.
11:27 of 2nd period - Dominic Turgeon wins face-off versus Mitchell Heard in Admirals zone.
11:37 of 2nd period - Shot by Mitchell Heard.
11:37 of 2nd period - Stopped by Michael McNiven without a rebound.
11:38 of 2nd period - Oskar Steen wins face-off versus Mathias Brome in Admirals zone.
11:45 of 2nd period - Shot by Garrett Wilson.
11:45 of 2nd period - Stopped by Erik Kallgren without a rebound.
11:46 of 2nd period - Cal O'Reilly wins face-off versus Joseph Cramarossa in Marlies zone.
11:55 of 2nd period - Shot by Cal O'Reilly.
11:55 of 2nd period - Shot Misses the Net.
11:57 of 2nd period - Shot by Loui Eriksson.
11:57 of 2nd period - Shot Blocked by Niko Mikkola.
11:59 of 2nd period - Shot by Calvin De Haan.
11:59 of 2nd period - Stopped by Michael McNiven without a rebound.
12:00 of 2nd period - Brad Malone wins face-off versus Oskar Steen in Admirals zone.
12:15 of 2nd period - Shot by Guillaume Brisebois.
12:15 of 2nd period - Shot Blocked by Dominik Simon.
12:54 of 2nd period - Off-side.
12:55 of 2nd period - Kevin Stenlund wins face-off versus Loui Eriksson in neutral zone.
13:30 of 2nd period - Shot by Cal O'Reilly.
13:30 of 2nd period - Stopped by Michael McNiven without a rebound.
13:31 of 2nd period - Joseph Cramarossa wins face-off versus Mitchell Heard in Admirals zone.
13:50 of 2nd period - Shot by Nick Baptiste.
13:50 of 2nd period - Stopped by Erik Kallgren with a rebound.
13:55 of 2nd period - Icing by Yegor Rykov.
13:56 of 2nd period - Mitchell Heard wins face-off versus Dominic Turgeon in Marlies zone.
14:47 of 2nd period - Shot by Kristian Vesalainen.
14:47 of 2nd period - Stopped by Michael McNiven without a rebound.
14:48 of 2nd period - William Bitten wins face-off versus Cal O'Reilly in Admirals zone.
15:58 of 2nd period - Shot by Victor Ejdsell.
15:58 of 2nd period - Deflect By Kristian Vesalainen.
15:58 of 2nd period - Stopped by Michael McNiven without a rebound.
15:59 of 2nd period - Brad Malone wins face-off versus Joseph Cramarossa in Admirals zone.
16:02 of 2nd period - Shot by Dominik Simon.
16:02 of 2nd period - Shot Misses the Net.
16:24 of 2nd period - Shot by Nick Baptiste.
16:24 of 2nd period - Deflect By Mitchell Moroz.
16:24 of 2nd period - Shot Blocked by Yegor Rykov.
16:26 of 2nd period - Shot by Nick Baptiste.
16:26 of 2nd period - Shot Misses the Net.
16:28 of 2nd period - Shot by Mike Reilly.
16:28 of 2nd period - Goal by Mike Reilly - Marlies : 1 - Admirals : 1.
16:29 of 2nd period - Oskar Steen wins face-off versus Max McCormick in neutral zone.
16:31 of 2nd period - Off-side.
16:32 of 2nd period - Cal O'Reilly wins face-off versus Oskar Steen in neutral zone.
16:46 of 2nd period - Icing by Dylan Blujus.
16:47 of 2nd period - Joseph Cramarossa wins face-off versus Cal O'Reilly in Marlies zone.
16:51 of 2nd period - Icing by Calvin De Haan.
16:52 of 2nd period - Oskar Steen wins face-off versus Cal O'Reilly in Marlies zone.
16:55 of 2nd period - Shot by Oskar Steen.
16:55 of 2nd period - Shot Misses the Net.
17:01 of 2nd period - Garrett Wilson is hit by Max McCormick and loses puck.
17:20 of 2nd period - Icing by Dylan Blujus.
17:21 of 2nd period - Joseph Cramarossa wins face-off versus Cal O'Reilly in Marlies zone.
17:34 of 2nd period - Calvin De Haan is hit by Joseph Cramarossa and loses puck.
18:23 of 2nd period - Shot by Kevin Stenlund.
18:23 of 2nd period - Shot Misses the Net.
18:32 of 2nd period - Icing by Calvin De Haan.
18:33 of 2nd period - Max McCormick wins face-off versus Oskar Steen in Marlies zone.
18:35 of 2nd period - Icing by Loui Eriksson.
18:36 of 2nd period - Cal O'Reilly wins face-off versus Oskar Steen in Marlies zone.
18:50 of 2nd period - Nick Ebert is hit by Brad Malone and loses puck.
Goals for this period are 0 for Marlies vs 1 for Admirals.
Shots for this period are 14 for Marlies vs 14 for Admirals.

3rd period


0:01 of 3rd period - Brad Malone wins face-off versus Oskar Steen in neutral zone.
0:08 of 3rd period - Shot by Brad Malone .
0:08 of 3rd period - Shot Misses the Net.
0:38 of 3rd period - Icing by Niko Mikkola.
0:39 of 3rd period - Oskar Steen wins face-off versus Cal O'Reilly in Admirals zone.
0:39 of 3rd period - Paul Thompson is hit by Max McCormick.
1:05 of 3rd period - Shot by Loui Eriksson.
1:05 of 3rd period - Stopped by Michael McNiven without a rebound.
1:06 of 3rd period - Victor Ejdsell wins face-off versus Kevin Stenlund in Admirals zone.
1:11 of 3rd period - Shot by Victor Ejdsell.
1:11 of 3rd period - Stopped by Michael McNiven with a rebound.
1:20 of 3rd period - Kevin Stenlund is hit by Josh Wesley and loses puck.
1:23 of 3rd period - Shot by Kevin Stenlund.
1:23 of 3rd period - Stopped by Erik Kallgren with a rebound.
1:25 of 3rd period - Shot by Kevin Stenlund.
1:25 of 3rd period - Goal by Kevin Stenlund - Marlies : 1 - Admirals : 2.
1:26 of 3rd period - Mitchell Heard wins face-off versus Joseph Cramarossa in neutral zone.
1:31 of 3rd period - Shot by Mathias Brome .
1:31 of 3rd period - Shot Misses the Net.
1:33 of 3rd period - Shot by Mathias Brome .
1:33 of 3rd period - Deflect By Mitchell Heard.
1:33 of 3rd period - Shot Blocked by Guillaume Brisebois.
1:35 of 3rd period - Shot by Mathias Brome .
1:35 of 3rd period - Stopped by Michael McNiven without a rebound.
1:36 of 3rd period - Cal O'Reilly wins face-off versus Kevin Stenlund in Admirals zone.
1:36 of 3rd period - Dylan Blujus is hit by Niko Mikkola and loses puck.
1:45 of 3rd period - Cal O'Reilly is hit by Niko Mikkola and loses puck.
1:51 of 3rd period - Minor Penalty to Niko Mikkola for Delaying the game.
1:52 of 3rd period - Garrett Wilson wins face-off versus Brad Malone in Admirals zone.
2:05 of 3rd period - Shot by Dominik Simon.
2:05 of 3rd period - Shot Hit the Post.
2:46 of 3rd period - Off-side.
2:47 of 3rd period - Cal O'Reilly wins face-off versus Garrett Wilson in neutral zone.
3:21 of 3rd period - Shot by Loui Eriksson.
3:21 of 3rd period - Shot Blocked by Kristians Rubins.
3:23 of 3rd period - Shot by Max McCormick.
3:23 of 3rd period - Shot Misses the Net.
3:25 of 3rd period - Shot by Cal O'Reilly.
3:25 of 3rd period - Deflect By Max McCormick.
3:25 of 3rd period - Stopped by Michael McNiven with a rebound.
3:41 of 3rd period - Shot by Dominik Simon.
3:41 of 3rd period - Shot Blocked by Cam Dineen.
4:25 of 3rd period - Yegor Rykov is hit by Joseph Cramarossa and loses puck.
4:44 of 3rd period - Shot by Kevin Stenlund.
4:44 of 3rd period - Stopped by Erik Kallgren without a rebound.
4:45 of 3rd period - Kevin Stenlund wins face-off versus Mitchell Heard in Marlies zone.
4:48 of 3rd period - Shot by CJ Suess.
4:48 of 3rd period - Shot Blocked by Tyler Lewington.
4:50 of 3rd period - Shot by CJ Suess.
4:50 of 3rd period - Goal by CJ Suess - Marlies : 1 - Admirals : 3.
4:51 of 3rd period - Kevin Stenlund wins face-off versus Cal O'Reilly in neutral zone.
4:56 of 3rd period - Shot by CJ Suess.
4:56 of 3rd period - Stopped by Erik Kallgren without a rebound.
4:57 of 3rd period - Oskar Steen wins face-off versus Cal O'Reilly in Marlies zone.
5:17 of 3rd period - Off-side.
5:18 of 3rd period - Mitchell Heard wins face-off versus Kevin Stenlund in neutral zone.
5:34 of 3rd period - Mitchell Heard is hit by Kristians Rubins and loses puck.
5:59 of 3rd period - Shot by Kevin Stenlund.
5:59 of 3rd period - Stopped by Erik Kallgren with a rebound.
6:50 of 3rd period - Shot by Paul Thompson.
6:50 of 3rd period - Shot Misses the Net.
6:52 of 3rd period - Shot by Garrett Wilson.
6:52 of 3rd period - Stopped by Erik Kallgren without a rebound.
6:53 of 3rd period - Joseph Cramarossa wins face-off versus Victor Ejdsell in Marlies zone.
7:05 of 3rd period - Icing by Kristian Vesalainen.
7:06 of 3rd period - Victor Ejdsell wins face-off versus Dominic Turgeon in Marlies zone.
7:33 of 3rd period - Shot by Dominic Turgeon.
7:33 of 3rd period - Stopped by Erik Kallgren with a rebound.
7:35 of 3rd period - Shot by Nick Ebert.
7:35 of 3rd period - Stopped by Erik Kallgren without a rebound.
7:36 of 3rd period - Joseph Cramarossa wins face-off versus Cal O'Reilly in Marlies zone.
8:24 of 3rd period - Icing by Calvin De Haan.
8:25 of 3rd period - Oskar Steen wins face-off versus Cal O'Reilly in Marlies zone.
8:50 of 3rd period - Shot by Dominik Simon.
8:50 of 3rd period - Goal by Dominik Simon - Marlies : 2 - Admirals : 3.
8:51 of 3rd period - Kevin Stenlund wins face-off versus Brad Malone in neutral zone.
10:03 of 3rd period - Icing by Cam Dineen.
10:04 of 3rd period - Max McCormick wins face-off versus Oskar Steen in Admirals zone.
10:09 of 3rd period - Shot by Calvin De Haan.
10:09 of 3rd period - Shot Misses the Net.
10:25 of 3rd period - Shot by Paul Thompson.
10:25 of 3rd period - Stopped by Erik Kallgren without a rebound.
10:26 of 3rd period - Mitchell Heard wins face-off versus Joseph Cramarossa in Marlies zone.
10:26 of 3rd period - Mitchell Heard is hit by Joseph Cramarossa.
10:41 of 3rd period - Shot by Mathias Brome .
10:41 of 3rd period - Stopped by Michael McNiven without a rebound.
10:42 of 3rd period - Kevin Stenlund wins face-off versus Victor Ejdsell in Admirals zone.
10:51 of 3rd period - Shot by Kevin Stenlund.
10:51 of 3rd period - Shot Misses the Net.
11:20 of 3rd period - Shot by Victor Ejdsell.
11:20 of 3rd period - Goal by Victor Ejdsell - Marlies : 3 - Admirals : 3.
11:21 of 3rd period - Oskar Steen wins face-off versus Cal O'Reilly in neutral zone.
11:21 of 3rd period - Garrett Wilson is hit by Max McCormick and loses puck.
11:52 of 3rd period - Shot by Loui Eriksson.
11:52 of 3rd period - Stopped by Michael McNiven without a rebound.
11:53 of 3rd period - Mitchell Heard wins face-off versus Joseph Cramarossa in Admirals zone.
12:17 of 3rd period - Shot by Dominik Simon.
12:17 of 3rd period - Shot Misses the Net.
12:26 of 3rd period - Shot by Joseph Cramarossa.
12:26 of 3rd period - Stopped by Erik Kallgren with a rebound.
12:33 of 3rd period - Nick Baptiste is hit by Josh Wesley and loses puck.
12:43 of 3rd period - Off-side.
12:44 of 3rd period - Oskar Steen wins face-off versus Victor Ejdsell in neutral zone.
12:53 of 3rd period - Shot by Paul Thompson.
12:53 of 3rd period - Stopped by Erik Kallgren without a rebound.
12:54 of 3rd period - Kevin Stenlund wins face-off versus Cal O'Reilly in Marlies zone.
12:59 of 3rd period - Shot by Kevin Stenlund.
12:59 of 3rd period - Stopped by Erik Kallgren without a rebound.
13:00 of 3rd period - Oskar Steen wins face-off versus Victor Ejdsell in Marlies zone.
13:07 of 3rd period - Shot by Garrett Wilson.
13:07 of 3rd period - Stopped by Erik Kallgren with a rebound.
13:17 of 3rd period - Dylan Blujus is hit by Garrett Wilson and loses puck.
13:28 of 3rd period - Shot by Niko Mikkola.
13:28 of 3rd period - Stopped by Erik Kallgren with a rebound.
13:30 of 3rd period - Shot by Paul Thompson.
13:30 of 3rd period - Shot Misses the Net.
13:32 of 3rd period - Shot by Paul Thompson.
13:32 of 3rd period - Shot Hit the Post.
13:34 of 3rd period - Shot by Oskar Steen.
13:34 of 3rd period - Shot Blocked by Brad Malone .
13:36 of 3rd period - Shot by Cam Dineen.
13:36 of 3rd period - Shot Misses the Net.
13:38 of 3rd period - Shot by Garrett Wilson.
13:38 of 3rd period - Stopped by Erik Kallgren without a rebound.
13:39 of 3rd period - Kevin Stenlund wins face-off versus Cal O'Reilly in Marlies zone.
13:47 of 3rd period - Off-side.
13:48 of 3rd period - Mathias Brome wins face-off versus Joseph Cramarossa in neutral zone.
13:48 of 3rd period - Mathias Brome is hit by Joseph Cramarossa.
14:00 of 3rd period - Shot by Mathias Brome .
14:00 of 3rd period - Stopped by Michael McNiven without a rebound.
14:01 of 3rd period - Kevin Stenlund wins face-off versus Max McCormick in Admirals zone.
14:05 of 3rd period - Icing by William Bitten.
14:06 of 3rd period - Kevin Stenlund wins face-off versus Brad Malone in Admirals zone.
14:18 of 3rd period - Icing by Calvin De Haan.
14:19 of 3rd period - Oskar Steen wins face-off versus Brad Malone in Marlies zone.
14:36 of 3rd period - Shot by Dominik Simon.
14:36 of 3rd period - Stopped by Michael McNiven without a rebound.
14:37 of 3rd period - Kevin Stenlund wins face-off versus Cal O'Reilly in Admirals zone.
14:59 of 3rd period - CJ Suess is hit by Ian McCoshen and loses puck.
16:26 of 3rd period - Shot by Kristian Vesalainen.
16:26 of 3rd period - Shot Misses the Net.
16:39 of 3rd period - Icing by Yegor Rykov.
16:40 of 3rd period - Victor Ejdsell wins face-off versus Mitchell Moroz in Marlies zone.
16:40 of 3rd period - Josh Wesley is hit by Joseph Cramarossa and loses puck.
16:42 of 3rd period - Minor Penalty to Joseph Cramarossa for Cross-checking.
16:43 of 3rd period - CJ Suess wins face-off versus Cal O'Reilly in Admirals zone.
16:43 of 3rd period - CJ Suess is hit by Cal O'Reilly.
16:55 of 3rd period - Shot by Max McCormick.
16:55 of 3rd period - Stopped by Michael McNiven without a rebound.
16:56 of 3rd period - Brad Malone wins face-off versus Garrett Wilson in Admirals zone.
18:36 of 3rd period - Shot by Dylan Blujus.
18:36 of 3rd period - Stopped by Michael McNiven with a rebound.
19:48 of 3rd period - Shot by Victor Ejdsell.
19:48 of 3rd period - Stopped by Michael McNiven without a rebound.
19:49 of 3rd period - Max McCormick wins face-off versus Dominic Turgeon in Admirals zone.
19:49 of 3rd period - Loui Eriksson is hit by Mike Reilly and loses puck.
Goals for this period are 2 for Marlies vs 2 for Admirals.
Shots for this period are 13 for Marlies vs 16 for Admirals.

Overtime #1


0:01 of 1st overtime period - Kevin Stenlund wins face-off versus Tim Schaller in neutral zone.
0:26 of 1st overtime period - Shot by Dominik Simon.
0:26 of 1st overtime period - Stopped by Michael McNiven with a rebound.
0:43 of 1st overtime period - Off-side.
0:44 of 1st overtime period - Tim Schaller wins face-off versus Kevin Stenlund in neutral zone.
0:49 of 1st overtime period - Shot by Dominik Simon.
0:49 of 1st overtime period - Shot Misses the Net.
0:57 of 1st overtime period - Shot by Kevin Stenlund.
0:57 of 1st overtime period - Deflect By Garrett Wilson.
0:57 of 1st overtime period - Stopped by Erik Kallgren without a rebound.
0:58 of 1st overtime period - Tim McGauley wins face-off versus Kevin Stenlund in Marlies zone.
1:48 of 1st overtime period - Shot by Oskar Steen.
1:48 of 1st overtime period - Stopped by Erik Kallgren with a rebound.
1:50 of 1st overtime period - Shot by Oskar Steen.
1:50 of 1st overtime period - Shot Misses the Net.
1:52 of 1st overtime period - Shot by Oskar Steen.
1:52 of 1st overtime period - Shot Blocked by Ian McCoshen.
2:15 of 1st overtime period - Shot by Oskar Steen.
2:15 of 1st overtime period - Deflect By CJ Suess.
2:15 of 1st overtime period - Shot Misses the Net.
2:17 of 1st overtime period - Shot by CJ Suess.
2:17 of 1st overtime period - Shot Misses the Net.
2:25 of 1st overtime period - Shot by Oskar Steen.
2:25 of 1st overtime period - Shot Hit the Post.
2:27 of 1st overtime period - Shot by Oskar Steen.
2:27 of 1st overtime period - Stopped by Erik Kallgren without a rebound.
2:28 of 1st overtime period - Kevin Stenlund wins face-off versus Tim McGauley in Marlies zone.
2:31 of 1st overtime period - Shot by Garrett Wilson.
2:31 of 1st overtime period - Shot Blocked by Tyler Lewington.
2:33 of 1st overtime period - Shot by Niko Mikkola.
2:33 of 1st overtime period - Stopped by Erik Kallgren with a rebound.
2:35 of 1st overtime period - Shot by Kevin Stenlund.
2:35 of 1st overtime period - Stopped by Erik Kallgren with a rebound.
2:37 of 1st overtime period - Shot by Garrett Wilson.
2:37 of 1st overtime period - Shot Misses the Net.
2:39 of 1st overtime period - Shot by Kevin Stenlund.
2:39 of 1st overtime period - Shot Misses the Net.
2:45 of 1st overtime period - Shot by Kevin Stenlund.
2:45 of 1st overtime period - Stopped by Erik Kallgren without a rebound.
2:46 of 1st overtime period - Dominik Simon wins face-off versus Oskar Steen in Marlies zone.
3:43 of 1st overtime period - Shot by Skyler McKenzie.
3:43 of 1st overtime period - Stopped by Michael McNiven without a rebound.
3:44 of 1st overtime period - Mitchell Heard wins face-off versus Kevin Stenlund in Admirals zone.
4:01 of 1st overtime period - Shot by Kevin Stenlund.
4:01 of 1st overtime period - Shot Misses the Net.
4:05 of 1st overtime period - Shot by Kevin Stenlund.
4:05 of 1st overtime period - Stopped by Erik Kallgren with a rebound.
4:07 of 1st overtime period - Shot by Niko Mikkola.
4:07 of 1st overtime period - Stopped by Erik Kallgren with a rebound.
4:40 of 1st overtime period - Shot by Tim Schaller.
4:40 of 1st overtime period - Shot Misses the Net.
4:42 of 1st overtime period - Shot by Tim Schaller.
4:42 of 1st overtime period - Shot Misses the Net.
4:44 of 1st overtime period - Shot by Tyler Lewington.
4:44 of 1st overtime period - Stopped by Michael McNiven without a rebound.
4:45 of 1st overtime period - Oskar Steen wins face-off versus Tim McGauley in Admirals zone.
Goals for this period are 0 for Marlies vs 0 for Admirals.
Shots for this period are 3 for Marlies vs 8 for Admirals.

ShootOut


5:00 of 1st overtime period - Round #1.
5:00 of 1st overtime period - Marlies, Brad Malone .
5:00 of 1st overtime period - Goal by Brad Malone .
5:00 of 1st overtime period - Admirals, Garrett Wilson.
5:00 of 1st overtime period - Stopped by Erik Kallgren.
5:00 of 1st overtime period - Round #2.
5:00 of 1st overtime period - Marlies, Dominik Simon.
5:00 of 1st overtime period - Stopped by Michael McNiven.
5:00 of 1st overtime period - Admirals, Oskar Steen.
5:00 of 1st overtime period - Stopped by Erik Kallgren.
5:00 of 1st overtime period - Round #3.
5:00 of 1st overtime period - Marlies, Cal O'Reilly.
5:00 of 1st overtime period - Stopped by Michael McNiven.
5:00 of 1st overtime period - Admirals, CJ Suess.
5:00 of 1st overtime period - Stopped by Erik Kallgren.